 Dungeon Crawl Stone Soup version 0.17-a0-1804-gf6433eb (webtiles) character file.

14 masdan the Digger (level 2, 15/15 HPs)
             Began as a Gargoyle Earth Elementalist on Sept 11, 2015.
             Quit the game on level 1 of the Dungeon.
             The game lasted 00:04:14 (845 turns).

masdan the Digger (Gargoyle Earth Elementalist)      Turns: 845, Time: 00:04:14

Health: 15/15      AC: 12    Str: 11    XL:     2   Next: 45%
Magic:  5/5        EV:  2    Int: 15    God:
Gold:   29         SH:  0    Dex: 10    Spells: 2 memorised, 2 levels left

rFire  . . .     SeeInvis .     (no weapon)
rCold  . . .     Clarity  .     k - +0 plate armour (curse)
rNeg   + . .     SustAt   .     (no shield)
rPois  ∞         Gourm    .     (no helmet)
rElec  +         Spirit   .     (no cloak)
rCorr  .         Warding  .     (no gloves)
rMut   .         Stasis   .     (no boots)
MR     .....                    (no amulet)
Stlth  ..........               (no ring)
                                (no ring)

@: not resistant to hostile enchantments, extremely unstealthy
A: negative energy resistance 1, electricity resistance, unbreathing,
petrification resistance, rot immunity, AC +2
a: no special abilities


You were on level 1 of the Dungeon.
You were not hungry.

You visited 1 branch of the dungeon, and saw 1 of its levels.

You collected 29 gold pieces.

Inventory:

Hand weapons
 g - a +0 club
 j - a +0 dagger
Missiles
 a - 46 stones (quivered)
Armour
 b - a +0 robe
 f - a +0 leather armour
 i - a +0 leather armour
 k - a cursed +0 plate armour (worn)
Jewellery
 e - a cursed ring of loudness {unknown}
 m - an uncursed amulet of faith {unknown}
Scrolls
 h - a scroll of identify {unknown}
Potions
 l - a potion of curing {unknown}
 o - a potion of flight {unknown}
Books
 c - a book of Geomancy

   Spells                             Type                      Level
   a - Sandblast                      Earth                        1
   b - Stoneskin                      Transmutation/Earth          2
   c - Passwall                       Transmutation/Earth          3
   d - Stone Arrow                    Conjuration/Earth            3
   e - Petrify                        Transmutation/Earth          4
   f - Lee's Rapid Deconstruction     Earth                        5
Comestibles
 d - a bread ration
 n - 2 chunks of flesh


   Skills:
 - Level 1.6 Dodging
 - Level 2.1 Stealth
 * Level 2.3 Spellcasting
 + Level 0.7 Transmutations
 * Level 4.2 Earth Magic


You had 2 spell levels left.
You knew the following spells:

 Your Spells              Type           Power        Failure   Level  Hunger
a - Sandblast             Erth           ##....       100%        1    #......
b - Stoneskin             Trmt/Erth      #.......     100%        2    ###....


Dungeon Overview and Level Annotations

Branches:
Dungeon (1/15)

Altars:


Innate Abilities, Weirdness & Mutations

You are resistant to torment.
Your stone body is resilient (AC +2).
You are immune to poison.
You resist negative energy.
You are resistant to electric shocks.
You can survive without breathing.
You are immune to petrification.
You are immune to rotting.


Message History

You hit the rat.
The rat is heavily wounded.
The rat bites you but does no damage.
You hit the rat but do no damage.
The rat is heavily wounded.
The rat bites you but does no damage.
You hit the rat.
You kill the rat!
You see here a rat corpse.
You butcher the rat corpse.
n - 2 chunks of flesh (gained 1)
There are no items here.
Found a fizzy golden potion.
o - a fizzy golden potion
There are no items here.
Quiver which item? (- for none, * to show all) (? for menu, Esc to quit)
Okay, then.
Quiver which item? (- for none, * to show all) (? for menu, Esc to quit)
Okay, then.
Are you sure you want to abandon this character and quit the game? (Confirm with "yes".)

#. #.# .# #. # #.# .#
#.### #.##.###.# #
#.÷.# ....... .
###.#########..#.# .#
#.............#.##.##.#
#..####................
#..# #.####..........#
#..# #.# ####@##..##
#..# #.#
#.###.######### #..#
#.# #+#...........#
#..# #.# #...........#
#..####.. #.#§.#..#...#
#........ +..≈§.......#
#.####### #.8........<#
#.# +..≈........# #.#
#.#..#..#...#


There were no monsters in sight!

Vanquished Creatures
  4 goblins (D:1)
  A hobgoblin (D:1)
  2 jackals (D:1)
  2 bats (D:1)
  5 rats (D:1)
14 creatures vanquished.

Notes
Turn   | Place    | Note
--------------------------------------------------------------
     0 | D:1      | masdan the Gargoyle Earth Elementalist began the quest for the Orb.
     0 | D:1      | Reached XP level 1. HP: 10/10 MP: 3/3
   405 | D:1      | Reached skill level 4 in Earth Magic
   405 | D:1      | Reached XP level 2. HP: 12/15 MP: 0/5
   719 | D:1      | Learned a level 2 spell: Stoneskin
   845 | D:1      | Quit the game

Vault maps used:
D:1:      shiori_arrival_oz, minmay_misc_feat_pillars

Action                   || total
-------------------------++-------
Melee: Unarmed           ||    69
 Cast: Sandblast         ||    15
       Stoneskin         ||     1
